 Dungeon Crawl Stone Soup version 0.23.0-2-g0fe3ce5 (webtiles) character file.

Game seed: 16363015931673444106

700004 Mgcat the Executioner (level 27, -3/224 HPs)
             Began as a Demonspawn Berserker on Feb 19, 2019.
             Was the Champion of Trog.
             Slain by a golden dragon (5 damage)
             ... on level 3 of the Realm of Zot.
             The game lasted 02:40:12 (56425 turns).

Mgcat the Executioner (Demonspawn Berserker)       Turns: 56425, Time: 02:40:13

Health: -3/224     AC: 39    Str: 28 (29) XL:     27
Magic:  0/33       EV: 17    Int: 17 (18) God:    Trog [******]
Gold:   3062       SH: 16    Dex:  6      Spells: 26/26 levels left

rFire    + + .     SeeInvis +   E - +9 broad axe (vamp) {!w}
rCold    + + .     Gourm    .   p - +3 warlock's mirror {reflect}
rNeg     + . .     Faith    .   D - +9 plate armour of Vehumet's Scorn {rC+ rCorr Str-4 Stlth+}
rPois    .         Spirit   +   (helmet unavailable)
rElec    +         Reflect  +   m - +1 cloak {MR+}
rCorr    +         Harm     .   z - +1 pair of gloves
MR       ++++.                  V - +2 pair of boots {run}
Stlth    ..........             O - amulet of Xeniuf {Reflect rElec rN+ MR+ Int+4 SH+5}
HPRegen  0.87/turn              d - ring "Numukuragi" {+Fly AC+3 Str+5 Dex-2 SInv}
MPRegen  0.46/turn              C - ring of Wefiut {rF+ rC+ Str+2 Int+2 Dex-4}

@: about to teleport, slowed, lightly drained, repel missiles, very slow
A: antennae 3, repulsion field 3, clumsy 1, deterioration 1, fire resistance 1,
ignite blood, regeneration 1, augmentation 3, magic shield, magic regeneration,
magic link, flame cloud immunity
}: 4/15 runes: serpentine, barnacled, slimy, silver
a: Berserk, Trog's Hand, Brothers in Arms, Renounce Religion, Evoke Flight


You were on level 3 of the Realm of Zot.
You worshipped Trog.
Trog was exalted by your worship.
You were not hungry.

You visited 10 branches of the dungeon, and saw 52 of its levels.
You also visited: Sewer and Bailey.

You collected 7987 gold pieces.
You spent 4925 gold pieces at shops.

Inventory:

Hand Weapons
 E - a +9 vampiric broad axe (weapon) {!w}
   (Trog gifted it to you on level 11 of the Dungeon)
Missiles
 f - 15 javelins of penetration
 r - 2 javelins
 t - 15 throwing nets {=f, !d}
 F - 22 steel javelins (quivered)
Armour
 m - a +1 cloak of magic resistance (worn)
   (You found it on level 2 of the Elven Halls)
 p - the +3 warlock's mirror (worn) {reflect}
   (You found it on level 2 of the Depths)
 z - a +1 pair of gloves (worn)
   (You found it on level 1 of the Lair of Beasts)
 D - the +9 plate armour of Vehumet's Scorn (worn) {rC+ rCorr Str-4 Stlth+}
   (You bought it in a shop on level 1 of the Snake Pit)

   It affects your strength (-4).
   It protects you from cold.
   It provides partial protection from all sources of acid and corrosion.
   It makes you more stealthy.
 P - a +1 cloak of magic resistance
   (You took it off a draconian stormcaller on level 3 of the Realm of Zot)
 V - a +2 pair of boots of running (worn)
   (You bought it in a shop on level 1 of the Snake Pit)
Jewellery
 d - the ring "Numukuragi" (left hand) {+Fly AC+3 Str+5 Dex-2 SInv}
   (You bought it in a shop on level 3 of the Snake Pit)

   [ring of protection]

   It affects your AC (+3).
   It affects your strength (+5).
   It affects your dexterity (-2).
   It lets you see invisible.
   It lets you fly.
 C - the ring of Wefiut (right hand) {rF+ rC+ Str+2 Int+2 Dex-4}
   (You took it off a rakshasa on level 12 of the Dungeon)

   [ring of protection from cold]

   It affects your strength (+2).
   It affects your intelligence (+2).
   It affects your dexterity (-4).
   It protects you from fire.
   It protects you from cold.
 O - the amulet of Xeniuf (around neck) {Reflect rElec rN+ MR+ Int+4 SH+5}
   (You bought it in a shop on level 10 of the Dungeon)

   [amulet of reflection]

   It shields you and reflects attacks.
   It affects your intelligence (+4).
   It insulates you from electricity.
   It protects you from negative energy.
   It affects your resistance to hostile enchantments.
   It affects your SH (+5).
Wands
 q - a wand of digging (21)
   (You found it on level 5 of the Lair of Beasts)
 J - a wand of iceblast (43)
   (You took it off a centaur on level 13 of the Dungeon)
 L - a wand of clouds (16)
   (You found it on level 2 of the Vaults)
 M - a wand of acid (21)
   (You found it on level 6 of the Lair of Beasts)
Scrolls
 a - 6 scrolls of magic mapping {!r}
 e - 41 scrolls of remove curse
 l - 25 scrolls of teleportation
 n - 11 scrolls of blinking {!r}
 s - 11 scrolls of fog
 v - 4 scrolls of fear
 x - 3 scrolls of enchant armour
 A - a scroll of brand weapon
 H - a scroll of enchant weapon
 I - 23 scrolls of identify
Potions
 b - 6 potions of agility
 g - a potion of haste
 h - 7 potions of lignification {!q}
 i - 19 potions of curing
 k - 3 potions of invisibility
 u - 9 potions of heal wounds
 w - 4 potions of mutation {!q}
 B - 3 potions of cancellation
 K - 6 potions of might
 Q - 4 potions of resistance
 U - 4 potions of ambrosia
Miscellaneous
 j - a phial of floods
   (You found it on level 12 of the Dungeon)
 y - 4 boxes of beasts
 G - a lightning rod (4/4)
   (You found it on level 14 of the Dungeon)
 N - a sack of spiders
 S - a lamp of fire
   (You found it in a bailey)
 T - 2 phantom mirrors
Comestibles
 c - 78 rations
 o - 13 chunks of flesh {@w0}


   Skills:
 - Level 20.0(19.8) Fighting
 + Level 24.3(24.1) Axes
 + Level 12.3(12.1) Throwing
 + Level 18.5(18.3) Armour
 + Level 18.5(18.3) Dodging
 + Level 18.5(18.3) Shields
 + Level 14.1(13.9) Evocations


You had 26 spell levels left.
You didn't know any spells.
Your spell library contained the following spells:

 Spells                   Type           Power        Failure   Level  Hunger
 Animate Skeleton         Necr           N/A          75%         1    ##.....
 Apportation              Tloc           #.....       75%         1    ##.....
 Confusing Touch          Hex            #.....       75%         1    ##.....
 Corona                   Hex            #......      75%         1    ##.....
 Flame Tongue             Conj/Fire      #....        75%         1    ##.....
 Magic Dart               Conj           #...         75%         1    ##.....
 Pain                     Necr           #...         75%         1    ##.....
 Shock                    Conj/Air       #...         75%         1    ##.....
 Sting                    Conj/Pois      #...         75%         1    ##.....
 Summon Butterflies       Summ           #.......     75%         1    ##.....
 Summon Small Mammal      Summ           #...         75%         1    ##.....
 Poisonous Vapours        Pois/Air       #.....       87%         2    ###....
 Searing Ray              Conj           #.....       87%         2    ###....
 Slow                     Hex            #.......     87%         2    ###....
 Sublimation of Blood     Necr           #.........   87%         2    ###....
 Swiftness                Chrm/Air       #.......     87%         2    ###....
 Throw Flame              Conj/Fire      #.....       87%         2    ###....
 Conjure Flame            Conj/Fire      #.......     98%         3    ####...
 Dazzling Spray           Conj/Hex       #.....       98%         3    ####...
 Ignite Poison            Fire/Tmut/Pois #.......     98%         3    ####...
 Inner Flame              Hex/Fire       #.......     98%         3    ####...
 Lesser Beckoning         Tloc           #.........   98%         3    ####...
 Mephitic Cloud           Conj/Pois/Air  #.......     98%         3    ####...
 Portal Projectile        Hex/Tloc       #.....       98%         3    ####...
 Recall                   Summ/Tloc      N/A          98%         3    ####...
 Spider Form              Tmut/Pois      #.........   98%         3    ####...
 Static Discharge         Conj/Air       #.......     98%         3    ####...
 Tukima's Dance           Hex            #.......     98%         3    ####...
 Airstrike                Air            #.........   100%        4    #####..
 Cause Fear               Hex            #.........   100%        4    #####..
 Force Lance              Conj/Tloc      #.......     100%        4    #####..
 Fulminant Prism          Conj/Hex       #.........   100%        4    #####..
 Iskenderun's Mystic Bla  Conj           #.......     100%        4    #####..
 Leda's Liquefaction      Hex/Erth       #.........   100%        4    #####..
 Olgreb's Toxic Radiance  Pois           #.......     100%        4    #####..
 Petrify                  Tmut/Erth      #.......     100%        4    #####..
 Sticky Flame             Conj/Fire      #.......     100%        4    #####..
 Alistair's Intoxication  Tmut/Pois      #.......     100%        5    ######.
 Aura of Abjuration       Summ           #.........   100%        5    ######.
 Bolt of Magma            Conj/Fire/Erth #.........   100%        5    ######.
 Borgnjor's Vile Clutch   Necr/Erth      #.........   100%        5    ######.
 Fireball                 Conj/Fire      #.........   100%        5    ######.
 Irradiate                Conj/Tmut      #.........   100%        5    ######.
 Iskenderun's Battlesphe  Conj/Chrm      #.......     100%        5    ######.
 Lightning Bolt           Conj/Air       #.........   100%        5    ######.
 Summon Demon             Summ           #.........   100%        5    ######.
 Summon Forest            Summ/Tloc      #.........   100%        5    ######.
 Summon Mana Viper        Hex/Summ       #.......     100%        5    ######.
 Venom Bolt               Conj/Pois      #.........   100%        5    ######.
 Bolt of Fire             Conj/Fire      #.........   100%        6    #######
 Freezing Cloud           Conj/Ice/Air   #.........   100%        6    #######
 Hydra Form               Tmut           #.........   100%        6    #######
 Invisibility             Hex            #.......     100%        6    #######
 Iron Shot                Conj/Erth      #.........   100%        6    #######
 Shadow Creatures         Summ           N/A          100%        6    #######
 Simulacrum               Ice/Necr       #.........   100%        6    #######
 Statue Form              Tmut/Erth      #........    100%        6    #######
 Dragon Form              Tmut           #.........   100%        7    #######
 Haunt                    Necr/Summ      #.........   100%        7    #######
 Orb of Destruction       Conj           #.........   100%        7    #######
 Ring of Flames           Chrm/Fire      #.........   100%        7    #######
 Spellforged Servitor     Conj/Summ      #.........   100%        7    #######
 Borgnjor's Revivificati  Necr           #.........   100%        8    #######
 Death's Door             Chrm/Necr      #.........   100%        8    #######
 Ignition                 Fire           #.........   100%        8    #######
 Infestation              Necr           #.........   100%        8    #######
 Necromutation            Tmut/Necr      #.........   100%        8    #######
 Dragon's Call            Summ           #.........   100%        9    #######
 Shatter                  Erth           #.........   100%        9    #######
 Tornado                  Air            #.........   100%        9    #######


Dungeon Overview and Level Annotations

Branches:
Dungeon (15/15)            Temple (0/1) D:7            Lair (6/6) D:11
 Shoals (4/4) Lair:2        Snake (4/4) Lair:4        Slime (5/5) Lair:5
    Orc (2/2) D:11            Elf (3/3) Orc:2        Vaults (5/5) D:13
  Crypt (0/3) Vaults:2     Depths (5/5) D:15            Zot (3/5) Depths:5

Altars:
Ashenzari
Cheibriados
Elyvilon
Gozag
Kikubaaqudgha
Makhleb
Okawaru
Qazlal
Ru
Sif Muna
Trog
Uskayaw
Vehumet
Wu Jian
Xom
Yredelemnul
The Shining One
Jiyva

Shops:
D:5 :   D:8 (   D:10 =*}   D:12 }*   D:15 :   Orc:1 [   Orc:2 ?*[}   Snake:1 [
Snake:3 ==}   Vaults:1 =   Depths:1 (*

Portals:
Hell: Depths:1 Depths:2 Depths:3 Depths:4 Depths:5
Abyss: Depths:2 Depths:3 Depths:4
Pandemonium: Orc:2 Depths:1 Depths:3
Ziggurat: Depths:1
Trove: Elf:2 (give +3 shadow dragon scales)

Annotations:
Depths:4 3 runed translucent doors, Loyck's ghost, adept TrMo


Innate Abilities, Weirdness & Mutations

You have a pair of large antennae on your head. (SInv)
You are surrounded by a strong repulsion field. (EV +4, RMsl)
Your flesh is heat resistant. (rF+)
Your demonic aura causes spilled blood to erupt in flames.
Your magical and physical power is greatly enhanced at high health.
When hurt, damage is shared between your health and your magic reserves.
You regenerate magic rapidly.
When low on magic, you restore magic in place of health.
You are immune to clouds of flame.
You are clumsy. (Dex -2)
Your body sometimes deteriorates upon taking damage.
Your natural rate of healing is unusually fast.


Message History

The golden dragon completely misses you.
You block the golden dragon's attack.
You take 39 damage, and have 61/224 hp.
You now have 11/33 mp.
Warning x3: The yellow draconian scorcher can cast smite-targeted Hellfire!
The golden dragon (berserk) can hit for high damage in melee, breathe poison clouds!
The moth of wrath is fast and can enrage both enemies and you!
Unknown command.
Lua error: [string "/dgldir/rcfiles/crawl-0.23/Mgcat.rc"]:926: invalid capture index Unknown command.
Lua error: [string "/dgldir/rcfiles/crawl-0.23/Mgcat.rc"]:926: invalid capture index Unknown command.
Lua error: [string "/dgldir/rcfiles/crawl-0.23/Mgcat.rc"]:926: invalid capture index Unknown command.
Warning x3: The yellow draconian scorcher can cast smite-targeted Hellfire!
The golden dragon (berserk) can hit for high damage in melee, breathe poison clouds!
The moth of wrath is fast and can enrage both enemies and you!
You slash the golden dragon!
You feel better.
The golden dragon is heavily wounded.
You slice the moth of wrath!!
The moth of wrath is engulfed in blazing flames.
You kill the moth of wrath!
The moth of wrath's corpse dissolves into shadows!
The golden dragon is engulfed in blazing flames.
The golden dragon misses you. You block the golden dragon's attack.
The golden dragon tramples you!!
* * * LOW HITPOINT WARNING * * *
You stumble backwards!
The red draconian is engulfed in blazing flames.
The golden dragon is engulfed in blazing flames.
The golden dragon bites you but does no damage.
You block the golden dragon's attack.
The golden dragon completely misses you.
You take 11 damage, and have 50/224 hp.
You now have 10/33 mp.
Warning x2: The yellow draconian scorcher can cast smite-targeted Hellfire!
The golden dragon (berserk) can hit for high damage in melee, breathe poison clouds!
Unknown command.
Lua error: [string "/dgldir/rcfiles/crawl-0.23/Mgcat.rc"]:926: invalid capture index Unknown command.
Lua error: [string "/dgldir/rcfiles/crawl-0.23/Mgcat.rc"]:926: invalid capture index You hit the golden dragon but do no damage.
The golden dragon is heavily wounded.
The red draconian is engulfed in blazing flames.
The red draconian hits you but does no damage.
The golden dragon is engulfed in blazing flames.
The golden dragon bites you!!!
* * * LOW HITPOINT WARNING * * *
The golden dragon claws you but does no damage.
The golden dragon tramples you but does no damage.
You take 31 damage, and have 19/224 hp.
You now have 5/33 mp.
Warning x2: The yellow draconian scorcher can cast smite-targeted Hellfire!
The golden dragon (berserk) can hit for high damage in melee, breathe poison clouds!
Unknown command.
Lua error: [string "/dgldir/rcfiles/crawl-0.23/Mgcat.rc"]:926: invalid capture index Unknown command.
Lua error: [string "/dgldir/rcfiles/crawl-0.23/Mgcat.rc"]:926: invalid capture index Unknown command.
Lua error: [string "/dgldir/rcfiles/crawl-0.23/Mgcat.rc"]:926: invalid capture index The golden dragon is engulfed in blazing flames.
The red draconian is engulfed in blazing flames.
The golden dragon is engulfed in blazing flames.
The golden dragon bites you but does no damage.
The golden dragon claws you but does no damage.
The golden dragon tramples you!
* * * LOW HITPOINT WARNING * * *
You stumble backwards!
The red draconian is engulfed in blazing flames.
You take 5 damage, and have 14/224 hp.
Warning x2: The yellow draconian scorcher can cast smite-targeted Hellfire!
The golden dragon (berserk) can hit for high damage in melee, breathe poison clouds!
Unknown command.
Lua error: [string "/dgldir/rcfiles/crawl-0.23/Mgcat.rc"]:926: invalid capture index Unknown command.
Lua error: [string "/dgldir/rcfiles/crawl-0.23/Mgcat.rc"]:926: invalid capture index You feel much better.
The golden dragon is engulfed in blazing flames.
You block the golden dragon's attack. x2; The golden dragon tramples you.
* * * LOW HITPOINT WARNING * * *
You stumble backwards!
The green draconian is engulfed in blazing flames.
The golden dragon bites you!
* * * LOW HITPOINT WARNING * * *
The golden dragon closely misses you.
The golden dragon tramples you but does no damage.
The red draconian is engulfed in blazing flames.
You now have 3/33 mp.
Warning x2: The yellow draconian scorcher can cast smite-targeted Hellfire!
The golden dragon (berserk) can hit for high damage in melee, breathe poison clouds!
Unknown command.
Lua error: [string "/dgldir/rcfiles/crawl-0.23/Mgcat.rc"]:926: invalid capture index Unknown command.
Lua error: [string "/dgldir/rcfiles/crawl-0.23/Mgcat.rc"]:926: invalid capture index You feel much better.
The golden dragon misses you. You block the golden dragon's attack.
The golden dragon tramples you!
* * * LOW HITPOINT WARNING * * *
You stumble backwards!
The green draconian is engulfed in blazing flames.
The golden dragon closely misses you.
The golden dragon claws you but does no damage.
The golden dragon tramples you!
* * * LOW HITPOINT WARNING * * *
You stumble backwards!
The red draconian is engulfed in blazing flames.
The green draconian is engulfed in blazing flames.
The golden dragon is engulfed in blazing flames.
The golden dragon bites you!
* * * LOW HITPOINT WARNING * * *
You block the golden dragon's attack. The golden dragon tramples you.
You die...

...###....###.........###
#..
....###....##..........##
#..
....[###..^.............#
#..
......###......#...##...#
#.#
...............#...##⌠.##
###
..|............#...#..##
# ....[..).............##
{# ...).)..............##
.........)...#..@§.##
...........[###.D.## {
.......}...[)##§☼.# {
...........)..##d##
............)).#d# {
................°#
#..............q°# {
##..............○# {
................d....


You could see a golden dragon (berserk), a green draconian, a red draconian and
a yellow draconian scorcher.

Vanquished Creatures
  the Royal Jelly (Slime:5)
  An orb of fire (Zot:1)
  2 ancient liches
  Sojobo (Vaults:4)
  Boris (twice) (Depths:3 Vaults:5)
  Frederick (Vaults:4)
  Vashnia (Snake:2)
  2 caustic shrikes
  7 curse toes
  Nikola (Snake:1)
  Jory (Depths:5)
  6 golden dragons
  An electric golem (Zot:1)
  A bone dragon (Depths:5)
  16 tentacled monstrosities
  5 liches
  A deep elf blademaster (Elf:3)
  2 deep elf master archers (Elf:3)
  12 quicksilver dragons
  10 acid blobs
  5 titans
  A kraken (Shoals:1)
  5 sphinxes
  7 shadow dragons
  8 storm dragons
  6 death cobs
  Agnes (Snake:2)
  18 tengu reavers
  Kirke (D:15)
  9 nagarajas
  Ilsuiw (Shoals:2)
  14 azure jellies
  2 draconian monks (Zot:3)
  16 deep elf sorcerers
  6 draconian knights
  13 frost giants
  2 iron dragons
  The ghost of feelmyfire the Brawler, a journeyman TrWr of Zin (Lair:5)
  21 vault wardens
  9 fire giants
  A juggernaut zombie (Depths:2)
  3 draconian scorchers
  An orc warlord (Orc:2)
  A cacodemon (Depths:3)
  9 deep elf elementalists
  4 draconian shifters (Zot:1)
  5 draconian annihilators
  14 ironheart preservers
  A spriggan defender (Depths:2)
  6 draconian stormcallers
  A reaper (Depths:1)
  21 very ugly things
  15 stone giants
  A caustic shrike skeleton (Depths:2)
  8 vampire knights
  3 war gargoyles (Vaults:5)
  7 green draconians
  2 entropy weavers
  6 deep elf demonologists
  12 black draconians
  13 deep elf annihilators
  Azrael (D:14)
  A dire elephant (Lair:6)
  9 red draconians
  8 white draconians
  6 yellow draconians
  5 purple draconians
  12 spark wasps
  A minotaur (Lair:5)
  5 merfolk javelineers
  3 deep elf death magi
  A green death (Depths:1)
  5 merfolk impalers
  7 death oozes (Slime:5)
  16 ogre magi
  A jiangshi (Depths:2)
  16 yaktaur captains
  15 great orbs of eyes
  16 ettins
  11 deep elf high priests
  14 fire dragons
  6 rakshasas
  13 ice dragons
  6 hydras
  A hell beast (Depths:3)
  3 merfolk avatars
  An anaconda (shapeshifter) (Depths:4)
  A catoblepas (Shoals:2)
  32 vault guards
  6 spriggan air magi
  An alligator snapping turtle (Shoals:4)
  7 merfolk aquamancers
  22 anacondas
  14 centaur warriors
  12 naga warriors
  50 two-headed ogres
  Erica (D:10)
  36 dancing weapons
  4 satyrs
  3 death knights
  9 deep troll shamans
  A two-headed ogre (shapeshifter) (Vaults:1)
  3 tengu warriors
  15 deep troll earth magi
  16 death yaks
  3 spriggan berserkers
  15 naga sharpshooters
  2 spriggans (Depths:2)
  Urug (Lair:1)
  2 vampire magi
  13 shock serpents
  5 orc high priests (Orc:2)
  2 hell knights (Depths:2)
  A fire crab (D:14)
  7 large abominations
  A sixfirhy (Orc:2)
  3 soul eaters
  5 shadow wraiths
  13 small abominations
  23 deep elf knights
  4 iron trolls
  4 salamander mystics (Snake:4)
  4 skeletal warriors
  13 sea snakes
  4 unseen horrors
  9 flayed ghosts
  8 glowing orange brains
  32 deep trolls
  3 gelid demonspawn (Orc:2)
  A swamp dragon (shapeshifter) (Depths:1)
  16 deep elf archers
  11 wizards
  8 naga ritualists
  2 harpies (shapeshifter)
  20 ironbrand convokers
  11 necromancers
  17 orc knights
  3 tengu zombies
  4 phantasmal warriors
  6 wolf spiders
  4 lindwurms (Snake:4)
  23 manticores
  2 oklob plants
  A faun (shapeshifter) (Depths:4)
  20 harpies
  16 mana vipers
  2 human zombies (Vaults:3)
  8 orc sorcerers
  51 deep elf magi
  A salamander (shapeshifter) (Depths:2)
  30 fauns
  2 shining eyes
  A moth of wrath (shapeshifter) (Depths:2)
  8 cyclopes
  7 moths of wrath
  9 salamanders
  73 ugly things
  25 naga magi
  9 elephants (Lair:6)
  48 black mambas
  7 merfolk sirens
  2 guardian serpents (shapeshifter)
  A black mamba (shapeshifter) (Vaults:2)
  A frost giant skeleton (Vaults:5)
  3 rust devils
  Joseph (D:10)
  8 guardian serpents
  11 water nymphs
  4 gargoyles
  15 vault sentinels
  A yaktaur zombie (Depths:1)
  A centaur skeleton (D:13)
  4 rime drakes
  7 spiny frogs
  54 yaktaurs
  4 kobold demonologists
  2 efreet (D:12)
  A demonic crawler (Depths:1)
  11 komodo dragons
  5 tengu conjurers
  An ice devil (Depths:3)
  A hellwing (Orc:2)
  A queen bee (D:11)
  27 merfolk
  A shadow dragon simulacrum (Depths:3)
  A meliai (D:14)
  8 freezing wraiths
  2 red devils (Depths:3)
  A yaktaur skeleton (Depths:1)
  A tengu simulacrum (Vaults:1)
  A troll (shapeshifter) (Vaults:4)
  9 trolls
  10 wind drakes
  A hornet (shapeshifter) (D:12)
  A merfolk (shapeshifter) (D:14)
  A polar bear (shapeshifter) (Depths:5)
  4 polar bears
  A blink frog (shapeshifter) (Vaults:1)
  60 slime creatures
  6 hornets
  16 blink frogs
  Prince Ribbit (D:8)
  6 dream sheep (Shoals:1)
  A dream sheep (shapeshifter) (Depths:4)
  2 human simulacra (Vaults:1)
  9 hippogriffs
  A hippogriff (shapeshifter) (Depths:2)
  A raiju (shapeshifter) (D:14)
  7 snapping turtles
  2 vampires (D:13)
  A tarantella (shapeshifter) (D:14)
  3 air elementals
  2 redbacks (shapeshifter) (Depths:5)
  2 shadows
  An ettin skeleton (Depths:1)
  25 yaks
  A ynoxinul (Orc:2)
  A redback (Vaults:4)
  29 water elementals
  9 wyverns
  A wyvern (shapeshifter) (Vaults:2)
  5 wraiths
  2 hungry ghosts (D:14)
  2 basilisks
  11 fire elementals
  9 golden eyes
  2 basilisks (shapeshifter)
  A human (D:7)
  A chaos spawn (Depths:1)
  A golden eye (shapeshifter) (Vaults:5)
  7 hogs
  13 vampire mosquitoes
  An insubstantial wisp (Depths:1)
  5 wargs
  Edmund (D:4)
  50 nagas
  A soldier ant (D:12)
  A swamp worm (shapeshifter) (Vaults:5)
  2 acid dragons
  14 water moccasins
  A floating eye (shapeshifter) (Depths:2)
  4 hell hounds
  A porcupine (shapeshifter) (D:14)
  A soldier ant (shapeshifter) (Vaults:5)
  2 floating eyes
  7 porcupines
  5 ice beasts
  A spriggan simulacrum (Depths:1)
  4 sky beasts
  An elf zombie (Vaults:5)
  An eye of draining (shapeshifter) (Elf:1)
  44 orc warriors
  3 black bears
  A black bear (shapeshifter) (Vaults:1)
  3 eyes of draining
  An ice dragon simulacrum (Vaults:1)
  5 phantoms
  43 ogres
  3 necrophages
  9 boggarts
  6 wolves (Lair:1)
  14 centaurs
  A human skeleton (Vaults:3)
  14 crocodiles
  7 big kobolds
  15 bullfrogs
  2 glowing shapeshifter simulacra
  8 earth elementals
  28 killer bees
  6 scorpions
  9 wights
  2 electric eels (Lair:2)
  5 howler monkeys
  7 crimson imps
  A bullfrog zombie (D:13)
  5 centaur zombies
  8 lava snakes
  9 hounds
  5 jellies
  3 quasits
  2 yaktaur simulacra
  4 bullfrog skeletons
  28 orc priests
  A gnoll shaman (D:6)
  6 iguanas
  18 orc wizards
  A hell rat (Depths:1)
  7 worker ants
  A hound zombie (D:5)
  A hound skeleton (D:5)
  A worker ant zombie (D:9)
  17 adders
  18 gnolls
  2 shadow imps
  An adder zombie (D:8)
  4 worms
  4 dart slugs
  9 leopard geckos
  135 orcs
  7 ball pythons
  10 bats
  11 giant cockroaches
  8 goblins
  9 hobgoblins
  11 jackals
  2 quokkas
  5 frilled lizards
  2 gnoll zombies (D:5)
  16 kobolds
  A leopard gecko zombie (D:7)
  10 rats
  10 crawling corpses
  3 fungi
  10 plants
2587 creatures vanquished.

Vanquished Creatures (collateral kills)
  An ancient lich (Depths:2)
  A tentacled monstrosity (Zot:1)
  A draconian scorcher (Zot:1)
  A spriggan air mage (Depths:2)
  A wizard (Depths:2)
  A yaktaur (Depths:2)
  A wind drake (Shoals:1)
  2 orc warriors (Orc:1)
  An orc (Orc:1)
10 creatures vanquished.

Vanquished Creatures (others)
  A lich (Depths:2)
  Polyphemus (Shoals:2)
  A tengu reaver (Vaults:5)
  An ironheart preserver (Vaults:1)
  A draconian annihilator (Zot:1)
  A merfolk javelineer (Shoals:4)
  A fire dragon (Depths:4)
  A merfolk impaler (Shoals:2)
  2 yaktaur captains
  3 satyrs
  2 naga sharpshooters
  A naga ritualist (Snake:1)
  2 deep elf archers
  A mana viper (Snake:1)
  A deep elf mage (Elf:1)
  4 fauns
  3 cyclopes
  8 yaktaurs
  A merfolk (Shoals:4)
  A boggart (Depths:2)
  6 centaurs
  A jelly (D:15)
  An adder (D:10)
  An orc (D:12)
  A bush (Lair:4)
  A crawling corpse (Elf:3)
  3 fungi (Lair:6)
  41 plants
  4 tentacles (Shoals:1)
96 creatures vanquished.

Grand Total: 2693 creatures vanquished

Notes
Turn   | Place    | Note
-------+----------+-------------------------------------------
     0 | D:1      | Mgcat the Demonspawn Berserker began the quest for the Orb.
     0 | D:1      | Reached XP level 1. HP: 18/18 MP: 1/1
    82 | D:1      | Reached skill level 2 in Armour
    82 | D:1      | Reached skill level 2 in Dodging
    86 | D:1      | Gained mutation: When hurt, damage is shared between your
                  | health and your magic reserves. [demonic ancestry]
    86 | D:1      | Reached XP level 2. HP: 12/24 MP: 2/2
   389 | D:1      | Reached skill level 3 in Axes
   684 | D:1      | Reached ** piety under Trog
   684 | D:1      | Gained mutation: You are surrounded by a mild repulsion
                  | field. (EV +2) [demonic ancestry]
   684 | D:1      | Reached XP level 3. HP: 29/29 MP: 3/3
  1360 | D:2      | Found a burning altar of Makhleb.
  1360 | D:2      | Noticed a balrug
  1396 | D:2      | Gained mutation: You are surrounded by a moderate repulsion
                  | field. (EV +3) [demonic ancestry]
  1396 | D:2      | Reached XP level 4. HP: 35/35 MP: 4/4
  1485 | D:2      | Found a white marble altar of Elyvilon.
  1561 | D:2      | Found an ornate altar of the Wu Jian Council.
  1561 | D:2      | Found a deep blue altar of Sif Muna.
  1572 | D:2      | Found an opulent altar of Gozag.
  1788 | D:3      | Found an iron altar of Okawaru.
  1814 | D:3      | Found a snail-covered altar of Cheibriados.
  1921 | D:3      | Reached XP level 5. HP: 17/42 MP: 1/5
  2194 | D:3      | Reached *** piety under Trog
  2630 | D:4      | Noticed a phantom
  2680 | D:4      | Found a stormy altar of Qazlal.
  2750 | D:4      | Killed a phantom
  2750 | D:4      | Reached skill level 4 in Fighting
  2750 | D:4      | Reached skill level 3 in Armour
  2750 | D:4      | Reached skill level 3 in Dodging
  2759 | D:4      | Got a translucent mace
  2792 | D:4      | Noticed Edmund
  2805 | D:4      | Killed Edmund
  2805 | D:4      | Reached skill level 4 in Axes
  2805 | D:4      | Reached XP level 6. HP: 49/49 MP: 6/6
  2910 | D:4      | Found a glowing drain.
  2928 | Sewer    | Entered a sewer
  3005 | Sewer    | Identified the +0 mace of Focus {drain, -Tele rPois Int+2
                  | Dex+3} (You found it on level 4 of the Dungeon)
  3390 | D:4      | Gained mutation: You have a pair of small antennae on your
                  | head. [demonic ancestry]
  3390 | D:4      | Reached XP level 7. HP: 46/55 MP: 5/7
  3468 | D:4      | Reached skill level 4 in Dodging
  3717 | D:4      | Found an opulent altar of Gozag.
  3719 | D:4      | Found a burning altar of Makhleb.
  3719 | D:4      | Found a burning altar of Makhleb.
  3721 | D:4      | Found a shimmering altar of Xom.
  3721 | D:4      | Found a shimmering altar of Xom.
  3721 | D:4      | Found a bloodstained altar of Trog.
  3787 | D:5      | Entered Level 5 of the Dungeon
  3849 | D:5      | Reached skill level 5 in Fighting
  3849 | D:5      | Reached skill level 4 in Armour
  4027 | D:5      | Reached skill level 5 in Axes
  4092 | D:5      | HP: 21/84 [ogre/+0 giant club (23)]
  4097 | D:5      | Reached skill level 6 in Axes
  4097 | D:5      | Reached XP level 8. HP: 24/62 MP: 2/8
  4437 | D:5      | Found a sacrificial altar of Ru.
  4526 | D:5      | Found Pyehy's Book Shop.
  4686 | D:5      | Found a basalt altar of Yredelemnul.
  4845 | D:5      | Reached skill level 7 in Axes
  4945 | D:5      | Found a glowing golden altar of the Shining One.
  5072 | D:6      | Found a shimmering altar of Xom.
  5093 | D:6      | Reached **** piety under Trog
  5141 | D:6      | HP: 13/62 [orc warrior/+0 scimitar (7)]
  5143 | D:6      | Reached skill level 8 in Axes
  5667 | D:6      | Reached skill level 9 in Axes
  5707 | D:6      | Gained mutation: You have a pair of antennae on your head.
                  | [demonic ancestry]
  5707 | D:6      | Reached XP level 9. HP: 68/68 MP: 7/9
  5880 | D:6      | Found a bloodstained altar of Trog.
  6236 | D:7      | Found a deep blue altar of Sif Muna.
  6266 | D:7      | Reached skill level 10 in Axes
  6290 | D:7      | Found a staircase to the Ecumenical Temple.
  6575 | D:7      | Reached skill level 11 in Axes
  6803 | D:7      | Reached ***** piety under Trog
  7008 | D:8      | Found a shattered altar of Ashenzari.
  7033 | D:8      | Got a brightly glowing plate armour
  7044 | D:8      | Identified the cursed +1 plate armour of the Armoured One
                  | {MR- Dex+4} (You found it on level 8 of the Dungeon)
  7136 | D:8      | Noticed Prince Ribbit
  7150 | D:8      | Killed Prince Ribbit
  7196 | D:8      | Gained mutation: You regenerate magic rapidly. [demonic
                  | ancestry]
  7196 | D:8      | Reached XP level 10. HP: 68/73 MP: 10/10
  7321 | D:8      | Found Famoplas's Weapon Emporium.
  7978 | D:9      | Found a shattered altar of Ashenzari.
  8173 | D:9      | Reached skill level 12 in Axes
  8328 | D:10     | Entered Level 10 of the Dungeon
  8399 | D:10     | Found Iferoul's Gadget Shop.
  8400 | D:10     | Noticed a purple ugly thing
  8418 | D:10     | Killed a purple ugly thing
  8472 | D:10     | Noticed a death knight
  8489 | D:10     | HP: 21/109 [mirror damage (13)]
  8490 | D:10     | Killed a death knight
  8490 | D:10     | Reached skill level 13 in Axes
  8494 | D:10     | HP: 9/73 [acid (4)]
  8800 | D:10     | Got a warped great mace
  8802 | D:10     | Identified the +6 great mace of Fortitude {freeze, *Slow
                  | rC+ rN++ Str+4} (You found it on level 10 of the Dungeon)
  8837 | D:10     | Noticed a cyclops
  8845 | D:10     | Killed a cyclops
  9088 | D:10     | Received a gift from Trog
  9174 | D:10     | Noticed Joseph
  9181 | D:10     | Killed Joseph
  9341 | D:10     | Noticed a two-headed ogre
  9358 | D:10     | Killed a two-headed ogre
  9358 | D:10     | Reached skill level 14 in Axes
  9358 | D:10     | Gained mutation: When low on magic, you restore magic in
                  | place of health. [demonic ancestry]
  9358 | D:10     | Reached XP level 11. HP: 78/78 MP: 8/11
  9596 | D:10     | Found Erphuukou's General Store.
  9618 | D:10     | Reached skill level 6 in Fighting
  9637 | D:10     | Found Woont's Jewellery Boutique.
  9751 | D:10     | Noticed Erica
  9768 | D:10     | Killed Erica
  9768 | D:10     | Reached skill level 7 in Fighting
 10197 | D:11     | Killed an unseen horror
 10248 | D:11     | Reached skill level 8 in Fighting
 10413 | D:11     | Received a gift from Trog
 10511 | D:11     | Killed an unseen horror
 10539 | D:11     | Found a staircase to the Lair.
 10582 | D:11     | Reached skill level 9 in Fighting
 10996 | D:11     | Found a staircase to the Orcish Mines.
 11055 | D:11     | Reached skill level 10 in Fighting
 11220 | D:11     | Received a gift from Trog
 11488 | Lair:1   | Entered Level 1 of the Lair of Beasts
 11488 | Lair:1   | Noticed Urug
 11497 | Lair:1   | Killed Urug
 11505 | D:11     | Gained mutation: You are surrounded by a strong repulsion
                  | field. (EV +4, RMsl) [demonic ancestry]
 11505 | D:11     | Reached XP level 12. HP: 92/95 MP: 12/12
 12287 | Lair:2   | Reached skill level 15 in Axes
 12364 | Lair:2   | Found a staircase to the Shoals.
 13086 | Lair:3   | Received a gift from Trog
 13360 | Lair:3   | Reached skill level 16 in Axes
 13977 | Lair:4   | Found a staircase to the Snake Pit.
 14054 | Lair:4   | Noticed a death yak
 14054 | Lair:4   | Noticed a death yak
 14417 | Lair:4   | Noticed a death yak
 14418 | Lair:4   | Noticed a death yak
 14418 | Lair:4   | Noticed a death yak
 14419 | Lair:4   | Noticed a death yak
 14436 | Lair:4   | Killed a death yak
 14444 | Lair:4   | Killed a death yak
 14453 | Lair:4   | Killed a death yak
 14453 | Lair:4   | Reached XP level 13. HP: 75/101 MP: 6/13
 14468 | Lair:4   | Reached skill level 17 in Axes
 14939 | Lair:5   | Found a runed translucent gate.
 14947 | Lair:5   | Found a runed translucent gate.
 14948 | Lair:5   | Found a runed translucent gate.
 14952 | Lair:5   | Reached skill level 1 in Evocations
 14973 | Lair:5   | Reached skill level 2 in Evocations
 15205 | Lair:5   | Found a viscous altar of Jiyva.
 15208 | Lair:5   | Found a staircase to the Slime Pits.
 15235 | Lair:5   | Noticed feelmyfire's ghost (journeyman TrWr)
 15239 | Lair:5   | Noticed a minotaur
 15452 | Lair:5   | Reached skill level 3 in Evocations
 15805 | Lair:6   | Entered Level 6 of the Lair of Beasts
 15915 | Lair:6   | Reached skill level 1 in Shields
 15959 | Lair:6   | Reached skill level 4 in Evocations
 15976 | Lair:6   | Reached skill level 2 in Shields
 16039 | Lair:6   | Noticed a dire elephant
 16044 | Lair:6   | Reached ****** piety under Trog
 16056 | Lair:6   | Killed a dire elephant
 16158 | Lair:6   | Reached skill level 3 in Shields
 16158 | Lair:6   | Reached skill level 5 in Evocations
 16391 | D:10     | Bought the amulet of Xeniuf {Reflect rElec rN+ MR+ Int+4
                  | SH+5} for 954 gold pieces
 16585 | Lair:6   | Reached skill level 4 in Shields
 16610 | Lair:6   | Received a gift from Trog
 16610 | Lair:6   | Reached skill level 6 in Evocations
 16876 | Lair:6   | HP: 14/101 [drowned by a drowned soul[a merfolk avatar]
                  | (14)]
 16879 | Lair:6   | HP: 2/101 [drowned by a drowned soul[a merfolk avatar]
                  | (12)]
 16889 | Lair:6   | Reached XP level 14. HP: 23/110 MP: 3/18
 17284 | Lair:6   | Found an ornate altar of the Wu Jian Council.
 17478 | Lair:6   | Reached skill level 18 in Axes
 17732 | Orc:1    | Entered Level 1 of the Orcish Mines
 17791 | Orc:1    | Noticed a stone giant
 17805 | Orc:1    | Killed a stone giant
 17879 | Orc:1    | Found Uzus Ut Gyst's Armour Shoppe.
 18088 | Orc:1    | Bought a +2 pair of boots for 247 gold pieces
 18114 | Orc:2    | Entered Level 2 of the Orcish Mines
 18114 | Orc:2    | Found a staircase to the Elven Halls.
 18253 | Orc:2    | Noticed an orc warlord
 18270 | Orc:2    | Killed an orc warlord
 18446 | Orc:2    | Received a gift from Trog
 18747 | Orc:2    | Reached skill level 5 in Armour
 18941 | Orc:2    | Reached skill level 5 in Dodging
 18951 | Orc:2    | Found Ewienio's General Store.
 18952 | Orc:2    | Found Kuijan's Magic Scroll Boutique.
 18963 | Orc:2    | Reached skill level 7 in Evocations
 19200 | Orc:2    | Bought a scroll of acquirement for 780 gold pieces
 19641 | Orc:2    | Reached skill level 6 in Armour
 19756 | Orc:2    | Reached skill level 6 in Dodging
 19783 | Orc:2    | Reached skill level 8 in Evocations
 19990 | Orc:2    | Found Xifel's Gadget Shoppe.
 19990 | Orc:2    | Found a one-way gate leading to the halls of Pandemonium.
 19990 | Orc:2    | Found Xofyeg's Antique Armour Emporium.
 19994 | Orc:2    | Bought an embroidered hat for 175 gold pieces
 20253 | D:12     | Identified the ring of Wefiut {rF+ rC+ Str+2 Int+2 Dex-4}
 20303 | D:12     | Found Badaniam's Island Escapes.
 20360 | D:12     | Found a flagged portal.
 20373 | Bailey   | Entered a bailey
 20769 | D:12     | Found Yclaosmo's Gadget Emporium.
 20813 | D:12     | Reached skill level 7 in Armour
 20931 | D:12     | Identified the Grimoire of Enchantment
 20936 | D:12     | Got a warped crystal plate armour
 20937 | D:12     | Identified the cursed +1 crystal plate armour of Nol Poy
                  | {rF+ Regen+ Str-2} (You found it on level 12 of the
                  | Dungeon)
 21019 | D:12     | Bought a scroll of blinking for 127 gold pieces
 21019 | D:12     | Bought a potion of invisibility for 136 gold pieces
 21233 | D:12     | Reached skill level 7 in Dodging
 21497 | D:12     | Received a gift from Trog
 21651 | D:13     | Reached skill level 9 in Evocations
 21651 | D:13     | Reached XP level 15. HP: 115/115 MP: 21/21
 21679 | D:13     | Found a gate to the Vaults.
 21780 | D:13     | Found a gate leading to a gauntlet.
 22357 | D:13     | Got a distressingly furry robe
 22528 | D:14     | Reached skill level 8 in Armour
 22537 | D:14     | Reached skill level 8 in Dodging
 22649 | D:14     | Noticed Azrael
 22684 | D:14     | Killed Azrael
 22698 | D:14     | Received a gift from Trog
 22968 | D:14     | Received a gift from Trog
 23158 | D:14     | Reached skill level 5 in Shields
 23903 | D:15     | Entered Level 15 of the Dungeon
 23935 | D:15     | Reached skill level 9 in Armour
 23935 | D:15     | Reached skill level 9 in Dodging
 23962 | D:15     | Found Fyst's Book Shoppe.
 24070 | D:15     | Reached skill level 11 in Fighting
 24289 | D:15     | Reached skill level 6 in Shields
 24422 | D:15     | Found a staircase to the Depths.
 24466 | D:15     | Noticed Kirke
 24481 | D:15     | Killed Kirke
 24481 | D:15     | Gained mutation: Your magical and physical power is
                  | slightly enhanced at high health. [demonic ancestry]
 24481 | D:15     | Reached XP level 16. HP: 125/125 MP: 22/22
 24987 | Shoals:1 | Entered Level 1 of the Shoals
 25019 | Shoals:1 | Received a gift from Trog
 25070 | Shoals:1 | Found a hide-covered altar of Uskayaw.
 25126 | Shoals:1 | Reached skill level 7 in Shields
 25224 | Shoals:1 | Reached skill level 10 in Armour
 25388 | Shoals:1 | Reached skill level 10 in Dodging
 25482 | Shoals:1 | Noticed a kraken
 25491 | Shoals:1 | Killed a kraken
 25491 | Shoals:1 | Reached skill level 12 in Fighting
 25618 | Shoals:1 | Reached skill level 8 in Shields
 26059 | Shoals:2 | Noticed Polyphemus
 26090 | Shoals:2 | Killed Polyphemus
 26137 | Shoals:2 | Received a gift from Trog
 26140 | Shoals:2 | Got an ancient broad axe {god gift}
 26141 | Shoals:2 | Identified the +2 broad axe of the Elven Halls {vamp, +Fly
                  | MR+} (Trog gifted it to you on level 2 of the Shoals)
 26215 | Shoals:2 | Noticed Ilsuiw
 26249 | Shoals:2 | Reached skill level 9 in Shields
 26285 | Shoals:2 | Killed Ilsuiw
 26352 | Shoals:2 | Reached skill level 13 in Fighting
 26690 | Shoals:3 | Reached XP level 17. HP: 137/137 MP: 23/23
 26936 | Shoals:3 | Received a gift from Trog
 26936 | Shoals:3 | Reached skill level 10 in Shields
 27667 | Snake:1  | Entered Level 1 of the Snake Pit
 27672 | Snake:1  | Noticed Nikola
 27679 | Snake:1  | Reached skill level 14 in Fighting
 27688 | Snake:1  | Killed Nikola
 27784 | Snake:1  | Found Olyiclid's Armour Boutique.
 27911 | Snake:1  | Reached skill level 11 in Shields
 28077 | Snake:1  | Received a gift from Trog
 29016 | Snake:2  | Noticed Agnes
 29025 | Snake:2  | Killed Agnes
 29168 | Snake:2  | Reached skill level 15 in Fighting
 29223 | Snake:2  | Reached skill level 12 in Shields
 29289 | Snake:2  | Received a gift from Trog
 29296 | Snake:2  | Noticed Vashnia
 29330 | Snake:2  | Killed Vashnia
 29330 | Snake:2  | Gained mutation: Your flesh is heat resistant. (rF+)
                  | [demonic ancestry]
 29330 | Snake:2  | Reached XP level 18. HP: 149/149 MP: 20/24
 29755 | Snake:3  | Reached skill level 13 in Shields
 30384 | Snake:3  | Found Zuwk's Gadget Boutique.
 30384 | Snake:3  | Found Josm's Jewellery Emporium.
 30385 | Snake:3  | Found Nyisaree's Jewellery Emporium.
 30487 | Snake:4  | Entered Level 4 of the Snake Pit
 30568 | Snake:4  | Reached skill level 14 in Shields
 31077 | Snake:4  | Received a gift from Trog
 31312 | Snake:4  | Reached skill level 15 in Shields
 32004 | Snake:4  | Gained mutation: You have a pair of large antennae on your
                  | head. (SInv) [demonic ancestry]
 32004 | Snake:4  | Reached XP level 19. HP: 153/155 MP: 26/26
 32044 | Snake:4  | Received a gift from Trog
 32071 | Snake:4  | Got a serpentine rune of Zot
 32292 | Snake:1  | Bought the +9 plate armour of Vehumet's Scorn {rC+ rCorr
                  | Str-4 Stlth+} for 1312 gold pieces
 32409 | Shoals:4 | Entered Level 4 of the Shoals
 32454 | Shoals:4 | Reached skill level 10 in Evocations
 32632 | Shoals:4 | Got a barnacled rune of Zot
 32751 | Shoals:4 | HP: 38/156 [drowned by a drowned soul[a merfolk avatar]
                  | (15)]
 32993 | Shoals:4 | Received a gift from Trog
 32993 | Shoals:4 | Reached skill level 11 in Armour
 32993 | Shoals:4 | Reached skill level 11 in Dodging
 33300 | Shoals:4 | Reached skill level 16 in Fighting
 33300 | Shoals:4 | Reached XP level 20. HP: 165/165 MP: 27/27
 33456 | Vaults:1 | Entered Level 1 of the Vaults
 34168 | Vaults:1 | Received a gift from Trog
 34331 | Vaults:1 | Found Idghi's Jewellery Emporium.
 34361 | Vaults:1 | Reached skill level 11 in Evocations
 34574 | Vaults:1 | Got a fine ring mail
 34804 | Vaults:1 | Reached skill level 19 in Axes
 34804 | Vaults:1 | Gained mutation: Your magical and physical power is
                  | enhanced at high health. [demonic ancestry]
 34804 | Vaults:1 | Reached XP level 21. HP: 172/172 MP: 29/29
 34991 | Vaults:1 | Received a gift from Trog
 35574 | Vaults:2 | Found a staircase to the Crypt.
 35676 | Vaults:2 | Reached skill level 12 in Armour
 35676 | Vaults:2 | Reached skill level 12 in Dodging
 35759 | Vaults:2 | Reached skill level 17 in Fighting
 35769 | Vaults:2 | Received a gift from Trog
 36425 | Vaults:3 | Reached skill level 12 in Evocations
 36806 | Vaults:3 | Reached skill level 20 in Axes
 36834 | Vaults:3 | Received a gift from Trog
 36951 | Vaults:3 | Gained mutation: Your magical and physical power is greatly
                  | enhanced at high health. [demonic ancestry]
 36951 | Vaults:3 | Reached XP level 22. HP: 177/182 MP: 26/31
 37383 | Vaults:3 | Received a gift from Trog
 37450 | Vaults:3 | Reached skill level 13 in Armour
 37460 | Vaults:3 | Reached skill level 13 in Dodging
 38243 | Vaults:4 | Noticed Frederick
 38269 | Vaults:4 | Killed Frederick
 38269 | Vaults:4 | Reached skill level 18 in Fighting
 38318 | Vaults:4 | Received a gift from Trog
 38533 | Vaults:4 | Noticed Sojobo
 38553 | Vaults:4 | Killed Sojobo
 38553 | Vaults:4 | Reached skill level 21 in Axes
 39234 | Elf:1    | Entered Level 1 of the Elven Halls
 39252 | Elf:1    | Found a radiant altar of Vehumet.
 39469 | Elf:1    | Received a gift from Trog
 39490 | Elf:1    | Found a runed translucent gate.
 39490 | Elf:1    | Found a runed translucent gate.
 39490 | Elf:1    | Found a runed translucent gate.
 39490 | Elf:1    | Found a runed translucent gate.
 39490 | Elf:1    | Found a runed translucent gate.
 39494 | Elf:1    | Found a runed translucent gate.
 40196 | Elf:1    | Reached XP level 23. HP: 192/192 MP: 32/32
 40629 | Snake:3  | Bought the ring "Numukuragi" {+Fly AC+3 Str+5 Dex-2 SInv}
                  | for 690 gold pieces
 40777 | Snake:1  | Bought a +0 pair of boots of running for 504 gold pieces
 40982 | Elf:2    | Reached skill level 14 in Armour
 40982 | Elf:2    | Reached skill level 14 in Dodging
 41043 | Elf:2    | Received a gift from Trog
 41207 | Elf:2    | Found a portal to a secret trove of treasure.
 41506 | Elf:2    | Found an ancient bone altar of Kikubaaqudgha.
 41540 | Elf:2    | Found a large runed translucent door.
 41540 | Elf:2    | Found a large runed translucent door.
 41567 | Elf:2    | Found a large runed translucent door.
 41567 | Elf:2    | Found a large runed translucent door.
 42072 | Elf:3    | Entered Level 3 of the Elven Halls
 42113 | Elf:3    | Received a gift from Trog
 42204 | Elf:3    | Gained mutation: You are clumsy. (Dex -2) [a neqoxec]
 42214 | Elf:3    | Reached skill level 19 in Fighting
 42232 | Elf:3    | Received a gift from Trog
 42431 | Elf:3    | Got a steaming silver ring
 42488 | Elf:3    | Identified the ring of Ipewihor {rC+ Dex+5} (You found it
                  | on level 3 of the Elven Halls)
 42509 | Elf:3    | Found the +7 sceptre of Torment {pain, torment}
 43524 | Depths:1 | Entered Level 1 of the Depths
 43582 | Depths:1 | Received a gift from Trog
 43652 | Depths:1 | Found Viysaf's Demolitions Depot.
 43730 | Depths:1 | Found a runed translucent gate.
 43731 | Depths:1 | Found a runed translucent gate.
 43731 | Depths:1 | Found a runed translucent gate.
 43830 | Depths:1 | Found a gateway to a ziggurat.
 43910 | Depths:1 | Found a gateway to Hell.
 44106 | Depths:1 | Reached skill level 15 in Dodging
 44157 | Depths:1 | Reached skill level 15 in Armour
 44188 | Depths:1 | Found Ontedgh's Antique Weapon Emporium.
 44312 | Depths:1 | Reached XP level 24. HP: 168/201 MP: 15/32
 44438 | Depths:2 | Found a one-way gate to the infinite horrors of the Abyss.
 44476 | Depths:2 | Received a gift from Trog
 44535 | Depths:2 | Found the +3 warlock's mirror {reflect}
 44554 | Depths:2 | Reached skill level 22 in Axes
 44900 | Depths:2 | Reached skill level 20 in Fighting
 44916 | Depths:2 | Reached skill level 1 in Throwing
 44973 | Depths:2 | Received a gift from Trog
 44975 | Depths:2 | Noticed an ancient lich
 44977 | Depths:2 | Noticed an ancient lich
 44981 | Depths:2 | Identified the cursed +3 halberd of Fetwyiro {flame, *Rage
                  | +Blink rPois Dex+4}
 44993 | Depths:2 | Killed an ancient lich
 44993 | Depths:2 | Reached skill level 2 in Throwing
 44997 | Depths:2 | Killed an ancient lich
 45195 | Depths:2 | Reached skill level 3 in Throwing
 45403 | Depths:2 | Got a jewelled plate armour
 45412 | Depths:2 | Identified the cursed +1 plate armour of Incorporation
                  | {-Cast rPois Dex+4} (You found it on level 2 of the Depths)
 45746 | Depths:3 | Noticed Boris
 45755 | Depths:3 | Received a gift from Trog
 45770 | Depths:3 | Killed Boris
 45770 | Depths:3 | Reached skill level 4 in Throwing
 45773 | Depths:3 | Received a gift from Trog
 46001 | Depths:3 | Gained mutation: You are immune to clouds of flame.
                  | [demonic ancestry]
 46001 | Depths:3 | Reached XP level 25. HP: 168/207 MP: 31/32
 46259 | Depths:3 | Reached skill level 5 in Throwing
 46340 | Depths:3 | Received a gift from Trog
 46840 | Depths:4 | Paralysed by a floating eye for 2 turns
 46880 | Depths:4 | Reached skill level 6 in Throwing
 46913 | Depths:4 | Reached skill level 16 in Armour
 46913 | Depths:4 | Reached skill level 16 in Shields
 46915 | Depths:4 | Reached skill level 16 in Dodging
 46944 | Depths:4 | Received a gift from Trog
 47612 | Depths:4 | Found a runed translucent gate.
 47618 | Depths:4 | Found a runed translucent gate.
 47618 | Depths:4 | Noticed an ancient lich
 47619 | Depths:4 | Found a runed translucent gate.
 47619 | Depths:4 | Noticed Loyck's ghost (adept TrMo)
 47619 | Depths:4 | Noticed an ancient lich
 47901 | Depths:5 | Entered Level 5 of the Depths
 47921 | Depths:5 | Reached skill level 7 in Throwing
 47947 | Depths:5 | Reached skill level 23 in Axes
 48135 | Depths:5 | Noticed Jory
 48172 | Depths:5 | Received a gift from Trog
 48174 | Depths:5 | Killed Jory
 48308 | Depths:5 | Found a gate to the Realm of Zot.
 48508 | Depths:5 | Received a gift from Trog
 50068 | Vaults:5 | Entered Level 5 of the Vaults
 50074 | Vaults:5 | Reached XP level 26. HP: 188/215 MP: 26/32
 50075 | Vaults:5 | Reached skill level 8 in Throwing
 50099 | Vaults:5 | Noticed an ancient lich
 50198 | Vaults:5 | Received a gift from Trog
 50279 | Vaults:5 | Killed an ancient lich
 50280 | Vaults:5 | Reached skill level 9 in Throwing
 50433 | Vaults:5 | Noticed Boris
 50434 | Vaults:5 | Reached skill level 17 in Armour
 50434 | Vaults:5 | Reached skill level 17 in Shields
 50439 | Vaults:5 | Reached skill level 17 in Dodging
 50455 | Vaults:5 | Killed Boris
 50689 | Vaults:5 | Got a wavering zirconium amulet
 50690 | Vaults:5 | Identified the amulet of Coronation {Harm *Drain +Blink}
                  | (You found it on level 5 of the Vaults)
 50744 | Vaults:5 | Got a silver rune of Zot
 50902 | Vaults:5 | Identified the +10 glaive of the Lost Allies {chop, Dex+4}
 50919 | Vaults:5 | Identified the +9 hand crossbow of Juinar {speed, rN+}
 50919 | Vaults:5 | Identified the cursed +1 chain mail "Vuvadem" {rC+ rCorr
                  | Int+4}
 50953 | Vaults:5 | Identified the Collected Works on Damaging Contamination
 51016 | Vaults:5 | Reached skill level 10 in Throwing
 51016 | Vaults:5 | Received a gift from Trog
 51299 | Vaults:5 | Got a transparent scale mail
 51379 | Vaults:5 | Gained mutation: Your demonic aura causes spilled blood to
                  | erupt in flames. [demonic ancestry]
 51379 | Vaults:5 | Reached XP level 27. HP: 221/221 MP: 32/32
 51932 | Slime:1  | Entered Level 1 of the Pits of Slime
 52057 | Slime:5  | Entered Level 5 of the Pits of Slime
 52092 | Slime:5  | Found a viscous altar of Jiyva.
 52092 | Slime:5  | Noticed the Royal Jelly
 52108 | Slime:5  | Received a gift from Trog
 52110 | Slime:5  | Killed the Royal Jelly
 52268 | Slime:5  | Identified the Handbook of the Flying Entourage
 52279 | Slime:5  | Got a slimy rune of Zot
 52466 | Lair:5   | Killed feelmyfire's ghost
 53406 | Zot:1    | Entered Level 1 of the Realm of Zot
 53424 | Zot:1    | Noticed an orb of fire
 53436 | Zot:1    | Gained mutation: Your body sometimes deteriorates upon
                  | taking damage. [an orb of fire]
 53442 | Zot:1    | Gained mutation: Your natural rate of healing is unusually
                  | fast. [an orb of fire]
 53449 | Zot:1    | Killed an orb of fire
 53523 | Zot:1    | Reached skill level 11 in Throwing
 53844 | Zot:1    | Received a gift from Trog
 53911 | Zot:1    | Reached skill level 13 in Evocations
 53948 | Zot:1    | Reached skill level 24 in Axes
 53960 | Zot:1    | Reached skill level 18 in Shields
 53967 | Zot:1    | Reached skill level 18 in Armour
 54086 | Zot:1    | Reached skill level 18 in Dodging
 54623 | Zot:2    | HP: 42/220 [??? (24)]
 54631 | Zot:2    | HP: 46/330 [deathcap/drain life[a curse toe] (7)]
 55021 | Zot:2    | Identified Sif Muna's Compendium of Ghastly Creation
 55066 | Zot:2    | HP: 54/220 [??? (31)]
 55616 | Zot:3    | Received a gift from Trog
 55646 | Zot:3    | Reached skill level 12 in Throwing
 55777 | Zot:3    | Received a gift from Trog
 55882 | Zot:3    | Reached skill level 14 in Evocations
 56421 | Zot:3    | HP: 50/224 [golden dragon (15)]
 56422 | Zot:3    | HP: 19/224 [golden dragon (31)]
 56425 | Zot:3    | HP: 2/224 [golden dragon (12)]
 56425 | Zot:3    | Slain by a golden dragon

Skill      XL: |  1  2  3  4  5  6  7  8  9 10 11 12 13 14 15 16 17 18 19 20 21 22 23 24 25 26 27 |
---------------+----------------------------------------------------------------------------------+-----
Armour         | 2 3 4 7 9 10 11 12 13 15 16 17 18 | 18.5
Dodging        | 2 3 4 7 9 10 11 12 13 15 16 17 18 | 18.5
Axes           | 3 4 6 9 11 14 16 17 18 19 20 21 22 23 24 | 24.3
Fighting       | 4 5 10 11 13 15 16 17 18 19 20 | 20.0
Evocations     | 6 9 10 11 12 14 | 14.1
Shields        | 4 6 9 12 15 16 17 18 | 18.5
Throwing       | 4 7 10 12 | 12.3

Action                   |  1- 3 |  4- 6 |  7- 9 | 10-12 | 13-15 | 16-18 | 19-21 | 22-24 | 25-27 || total
-------------------------+-------+-------+-------+-------+-------+-------+-------+-------+-------++-------
Melee: Hand axe          |   118 |   108 |    30 |   503 |       |       |       |       |       ||   759
       War axe           |       |   132 |   343 |       |       |       |       |       |       ||   475
       Broad axe         |       |       |       |   413 |  1600 |  1465 |  1156 |  1460 |  1643 ||  7737
Throw: Javelin           |       |       |       |       |     7 |       |       |       |     7 ||    14
Invok: Berserk           |     2 |     3 |     9 |    12 |     6 |     2 |       |       |     1 ||    35
       Trog's Hand       |       |       |       |       |     2 |       |       |     5 |       ||     7
       Brothers in Arms  |       |       |       |       |       |       |       |     1 |     1 ||     2
 Abil: Evoke Flight      |       |       |       |       |     1 |       |       |       |       ||     1
Evoke: Wand              |       |       |       |     8 |    16 |    11 |       |     8 |       ||    43
       Lamp of fire      |       |       |       |       |       |     2 |     1 |       |     2 ||     5
       Box of beasts     |       |       |       |       |       |     1 |       |       |       ||     1
  Use: Scroll            |     7 |     5 |    12 |    12 |    12 |     5 |     2 |     7 |     7 ||    69
       Potion            |       |       |       |       |     4 |     3 |     5 |     1 |     9 ||    22
 Stab: Paralysed         |       |       |       |       |     4 |     5 |       |       |       ||     9
       Distracted        |       |       |       |       |       |       |       |     4 |       ||     4
  Eat: Chunk             |     3 |    11 |    18 |    28 |    40 |    16 |    10 |    20 |    13 ||   159
       Ration            |       |       |     1 |     3 |       |     6 |       |     4 |     7 ||    21
Armor: Animal skin       |     8 |       |       |       |       |       |       |       |       ||     8
       Ring mail         |    24 |    86 |    80 |       |       |       |       |       |       ||   190
       Scale mail        |       |       |    77 |   285 |   127 |       |       |       |       ||   489
       Chain mail        |       |       |       |       |   324 |   419 |    31 |       |       ||   774
       Plate armour      |       |       |       |       |       |       |   321 |   502 |   820 ||  1643
Dodge: Dodged            |    86 |   260 |   312 |   460 |   484 |   522 |   356 |   475 |   771 ||  3726
       Deflected         |       |       |       |     5 |    25 |    85 |    31 |    30 |    52 ||   228
Block: Buckler           |       |       |       |   103 |   150 |       |       |   242 |  1088 ||  1583
       Shield            |       |       |       |       |   645 |  1401 |   989 |   859 |       ||  3894
       Reflection        |       |       |       |       |    30 |   180 |    93 |   121 |   129 ||   553

Levels and vault maps discovered:
D:1:      minmay_arrival_jagged, layout_basic, minmay_misc_feat_diagonals,
          kennysheep_boxes
D:2:      layout_basic, makhleb_altar_promises_db,
          gammafunk_temple_overflow_forgotten, lemuel_round_altar
D:3:      layout_basic, lemuel_round_altar, old_standard_altar
D:4:      layout_cave_pools, nicolae_qazlal_general_emergency,
          gup_sewer_entry_pipe, serial_forest, infiniplex_forest_corner_1,
          infiniplex_forest_clump_curved, infiniplex_forest_lined_room_2,
          infiniplex_forest_straight_3, infiniplex_forest_clump_C,
          infiniplex_forest_clump_long, infiniplex_forest_corner_2,
          infiniplex_forest_lined_room_2, infiniplex_forest_lined_2,
          minmay_liquid_box, hangedman_abyss_or_decor_jellyfish_corner,
          doesnt_xom_only_xom, uniq_edmund
D:5:      kennysheep_spiral_hall, layout_loops_ring,
          nicolae_ru_sacrificial_ziggurat, lemuel_zombie_altar_yredelemnul,
          lemuel_round_altar, serial_shops, nicolae_shop_waterfront,
          first_ration
D:6:      layout_rooms, lemuel_round_altar, trog_ov_bears_minmay
D:7:      layout_loops_cross, minmay_temple_entry_glass, basic_altar,
          minmay_misc_feat_rows, grunt_livestock
D:8:      layout_loops_ring, basic_altar, serial_shops, nicolae_shop_crystal,
          st_stairs_13, minmay_misc_feat_more_columns, grunt_decor_one_mirror,
          uniq_prince_ribbit1
D:9:      layout_basic, lemuel_doored_altar
D:10:     minmay_ornate_pinched, layout_stronghold, serial_shops,
          nicolae_shop_statue_plus, kennysheep_mini_moat, shop,
          hangedman_decor_points, minmay_joined_circles, uniq_erica, uniq_joseph
D:11:     layout_loops_ring, david_lair_shrubbed, hiddenorc2_lemuel, hex_large,
          minivault_7
D:12:     minmay_the_grid_octo_tiled_octocenter_mashed
          [minmay_the_grid_octo_tetromino_candy, minmay_the_grid_octo_teeth,
          minmay_the_grid_octo_toaster, minmay_the_grid_octo_checkered,
          minmay_the_grid_octo_prize_square_snowflake,
          minmay_the_grid_square_5x5_forky, minmay_the_grid_square_5x5_n,
          minmay_the_grid_square_5x5_inverted_slash,
          minmay_the_grid_square_5x5_inner_z], layout_basic, enter_bailey_6,
          serial_shops, shop, nicolae_island_escapes
D:13:     layout_stronghold, lightli_vaults_fourway_checkpoint,
          gauntlet_entry_generic, wad_dig_loot
D:14:     minmay_swirls_squares, layout_gridville, serial_co_window_serial,
          co_window_paths_a, co_window_of_opportunity_a,
          co_window_of_opportunity_a, co_window_paths_a, co_window_corner_a,
          co_window_paths_b, co_window_paths_a, co_window_cross_3,
          co_window_broadway_a, co_window_corner_b, co_window_sun,
          co_window_4corner_b, glass_columns_a, glass_columns_b,
          glass_columns_c, glass_columns_b, glass_columns_a,
          minmay_misc_feat_square, uniq_azrael
D:15:     grunt_enter_depths_hoard, layout_cave_pools,
          ebering_dispersal_statue_hall, serial_shops, shop, uniq_kirke
Lair:1:   layout_regular_city, grunt_megastairs_4, uniq_urug
Lair:2:   layout_gridlike, shoals_dummy_entry
Lair:3:   layout_chaotic_city, serial_bayou_pond_b
Lair:4:   layout_gridlike, minmay_snake_entry_guardpost_small,
          chequers_serial_rivers_micro_e
Lair:5:   layout_cave_pods, slime_altar_1, maelrawn_ghost_gauntlet_escape
Lair:6:   gammafunk_lair_ancient_temple, layout_misc_corridors,
          lemuel_oklob_altar, serial_bayou_shore_b
Shoals:1: layout_shoals, lemuel_centaur_altar
Shoals:2: layout_shoals, uniq_ilsuiw, uniq_polyphemus
Shoals:3: layout_shoals
Shoals:4: shoals_end_grunt_garden, layout_shoals, shoals_ilsuiw_ice
Snake:1:  layout_layer_cave, serial_shops, shop, nicolae_snake_lava_pool,
          uniq_nikola
Snake:2:  layout_gridlike, grunt_ministairs_15, drop_trap,
          nicolae_large_snake_swirl, uniq_agnes, uniq_vashnia
Snake:3:  layout_misc_corridors, grunt_ministairs_3,
          nicolae_snake_serpentine_hallways, minmay_shop_grove
Snake:4:  snake_pit_salamanders_mu, layout_misc_corridors
Slime:1:  layout_caves
Slime:2:  layout_caves
Slime:3:  layout_caves, nicolae_slime_welcoming_committee
Slime:4:  layout_caves, cheibrodos_slime_lost_civilization_5, uniq_dissolution
Slime:5
Orc:1:    layout_caves, serial_shops, nicolae_shop_window_shopping
Orc:2:    pf_orc_diabolical, layout_diamond_mine
Elf:1:    eino_elf_arrival_altar, layout_loops_corners, orc_legates,
          st_stairs_14
Elf:2:    layout_geoelf_diagonals, basic_altar, nicolae_trove_entry_columns,
          laboratory
Elf:3:    minmay_elf_hall_x, layout_gridlike, grunt_megastairs_2
Vaults:1: hangedman_vaults_hat, ontoclasm_vaults_shout, vaults_dpeg_diagonal,
          v_pattern_1, hangedman_vaults_trim, vaults_mumra_hex,
          nicolae_vaults_shelves_hall, nicolae_vaults_what_the_h, v_misc_24,
          vaults_room_door_hall, layout_vaults_omnicross, serial_shops, shop
Vaults:2: minmay_crypt_entry_simple_corners, v_misc_16, st_lattice,
          vaults_room_fours, nicolae_vaults_disjoint_gnomons,
          nicolae_vaults_network_periphery, nicolae_vaults_bisected_exclaves,
          v_misc_12, vaults_mumra_chevron_long, v_misc_12, vaults_dpeg_spiral,
          vaults_dpeg_doors, ontoclasm_vaults_bender, nicolae_vaults_rhombus_7,
          layout_vaults_maze
Vaults:3: ontoclasm_vaults_pinch, v_misc_27, nicolae_vaults_little_squares_4,
          nicolae_vaults_stairing_the_circle, nicolae_vaults_little_squares_6,
          nicolae_vaults_border_crossing, dpeg_vaults_monster_box, v_misc_9,
          nicolae_vaults_little_ls, layout_vaults_quadrants
Vaults:4: vaults_room_semicircle, v_misc_1, vaults_dpeg_hooks,
          hangedman_vaults_stream, v_rooms_1, nicolae_vaults_little_squares_4,
          grunt_vaults_diagonal, hangedman_vaults_cutoff, v_alt_pattern_3,
          v_misc_28, vaults_room_hallway, layout_vaults_big_room, uniq_sojobo,
          uniq_frederick
Vaults:5
Depths:1: layout_cave_pools, enter_ziggurat_a, rand_demon_pan_entry_3,
          hangedman_decor_clover_reticule, serial_shops,
          nicolae_shop_statue_plus, hangedman_tar_grid_catacomb,
          grunt_ministairs_2, nicolae_blasting_shop, kennysheep_cross_room,
          pandoras_box_mu
Depths:2: hangedman_pleasuredromes, hell_entry, abyss_entry
Depths:3: grunt_deathspiral_small, layout_cave_pools, abyss_entry_crystal,
          grunt_mini_vestibule, special_room [special_room_magic_class],
          rand_demon_pan_entry_1
Depths:4: lemuel_troll_bridge, layout_cave_shapes, minmay_misc_feat_plants,
          hell_entry, abyss_entry, gammafunk_ghost_necromancy, moated_statue,
          minmay_checkered_concentric_circles
Depths:5: evilmike_zot_entry_basic, layout_basic, pf_coc_iceberg,
          minmay_door_square, serial_bayou_shore_a, uniq_jory
Zot:1:    layout_onion_interference, grunt_megastairs_1
Zot:2:    layout_onion_interference
Zot:3:    layout_onion, grunt_megastairs_3
Sewer:    sewer_fruit_machine
Bailey:   bailey_polearm_1, bailey

Table legend:
 A = Turns spent in this place as a percentage of turns spent in the entire game.
 B = Non-inter-level travel turns spent in this place as a percentage of non-inter-level travel turns spent in the entire game.
 C = Inter-level travel turns spent in this place as a percentage of turns spent in this place.
 D = Turns resting spent in this place as a percentage of non-inter-level travel turns spent in this place.
 E = Turns spent auto-exploring this place as a percentage of non-inter-level travel turns spent in this place.
 F = Non-inter-level travel turns spent in this place divided by the number of levels of this place that you've seen.
                   A       B       C       D       E      F
               +-------+-------+-------+-------+-------+----------------------
         Total | 100.0 | 100.0 |  10.6 |  11.7 |  56.7 | 934.5
       Dungeon |  30.2 |  30.3 |  10.3 |  20.2 |  53.2 | 1019.1
          Lair |  12.0 |  11.2 |  16.8 |   9.3 |  68.3 | 941.7
        Shoals |   6.3 |   6.8 |   4.2 |   7.4 |  54.8 | 851.8
     Snake Pit |   9.0 |   8.5 |  15.7 |   2.1 |  64.6 | 1073.8
    Slime Pits |   0.9 |   0.9 |  12.4 |  15.8 |   7.1 |  87.4
  Orcish Mines |   4.4 |   4.5 |   9.1 |  29.1 |  36.8 | 1126.5
   Elven Halls |   7.3 |   6.8 |  16.1 |   3.1 |  67.0 | 1147.3
        Vaults |  13.2 |  13.5 |   8.3 |   4.4 |  54.6 | 1364.6
        Depths |  10.1 |  10.4 |   8.1 |   1.3 |  65.0 | 1046.0
           Zot |   5.4 |   5.8 |   2.7 |  25.1 |  45.8 | 978.7
         Sewer |   0.6 |   0.6 |   0.0 |   0.0 |  69.6 | 312.0
        Bailey |   0.7 |   0.8 |   0.0 |   1.3 |  32.4 | 392.0
               +-------+-------+-------+-------+-------+----------------------

Table legend:
 A = Kills in this place as a percentage of kills in entire the game.
 B = Kills by you in this place as a percentage of kills by you in the entire game.
 C = Kills by friends in this place as a percentage of kills by friends in the entire game.
 D = Other kills in this place as a percentage of other kills in the entire game.
 E = Experience gained in this place as a percentage of experience gained in the entire game.
 F = Experience gained in this place divided by the number of levels of this place that you have seen.
                   A       B       C       D       E      F
               +-------+-------+-------+-------+-------+----------------------
         Total | 100.0 | 100.0 | 100.0 | 100.0 | 100.0 | 31492.8
       Dungeon |  20.5 |  20.9 |   0.0 |   2.3 |   5.3 | 6017.2
          Lair |   5.9 |   6.1 |   0.0 |   0.0 |   3.0 | 8493.7
        Shoals |   8.0 |   7.5 |  10.0 |  37.2 |   6.5 | 27762.5
     Snake Pit |   9.9 |  10.0 |   0.0 |   9.3 |   9.0 | 38409.8
    Slime Pits |   2.2 |   2.3 |   0.0 |   0.0 |   3.2 | 10723.6
  Orcish Mines |   5.0 |   5.0 |  30.0 |   0.0 |   1.5 | 12644.5
   Elven Halls |   6.9 |   7.0 |   0.0 |   2.3 |   8.2 | 46602.0
        Vaults |  21.3 |  21.1 |   0.0 |  34.9 |  28.0 | 95087.2
        Depths |  14.6 |  14.5 |  40.0 |  11.6 |  21.4 | 72931.0
           Zot |   4.7 |   4.6 |  20.0 |   2.3 |  13.8 | 78434.0
         Sewer |   0.5 |   0.5 |   0.0 |   0.0 |   0.0 |  23.0
        Bailey |   0.6 |   0.6 |   0.0 |   0.0 |   0.0 | 572.0
               +-------+-------+-------+-------+-------+----------------------
